AoeStats
← El loco

Fortress

508286917Analyzed
2v2 RM · 25d ago on Sep 21, 2026· 39m 18s· 4 players
Game mode
Random Map
Map size
Normal (6 player)
Population
200
Speed
Normal
Resources
Standard
Victory
Conquest
Starting age
Dark Age
Ending age
Imperial Age
RankedLock teamsTeams togetherTeam positionsShared explorationLock speedFull tech treeHidden civsTurbo modeCheats
Victory
Defeat
🇲🇽 Celts · Mexico
1042
+16
🇺🇸 Magyars · United States
1032
+16
vs
🇦🇷 Teutons · Argentina
1044
-16
🇦🇷 Byzantines · Argentina
1044
-16
Soup Crackkers
2:31 Loom
2:51 Loom
7:46 Feudal Age
9:46 Loom
12:30 Castle Age
10:40 Double-Bit Axe
11:08 Horse Collar
13:43 Bow Saw
15:41 Fletching
18:33 Wheelbarrow
21:21 Hand Cart
24:36 Corvinian Army
29:15 Imperial Age
27:09 Scale Barding Armor
28:23 Bloodlines
29:11 Chain Barding Armor
30:26 Conscription
30:35 Elite Magyar Huszar
32:18 Plate Barding Armor
32:03 Bodkin Arrow
33:06 Parthian Tactics
33:14 Padded Archer Armor
33:38 Ballistics
34:21 Bracer
35:04 Recurve Bow
34:41 Heavy Cavalry Archer
36:34 Leather Archer Armor
36:32 Thumb Ring
39:21 Chemistry
Age_of_Empires
0:55 Loom
8:08 Feudal Age
9:06 Feudal Age
12:57 Castle Age
11:46 Double-Bit Axe
11:48 Horse Collar
12:51 Gold Mining
19:19 Wheelbarrow
19:37 Scale Mail Armor
21:18 Town Watch
28:17 Hand Cart
28:15 Forging
31:52 Chain Mail Armor
33:08 Iron Casting
34:46 Heavy Plow
41:25 Imperial Age
gonza
9:37 Feudal Age
13:25 Castle Age
12:12 Double-Bit Axe
12:10 Horse Collar
19:49 Gold Mining
20:15 Bow Saw
20:08 Heavy Plow
20:02 Stone Mining
23:03 Scale Mail Armor
El loco
6:47 Feudal Age
7:59 Double-Bit Axe
8:17 Loom
8:33 Loom
11:17 Castle Age
9:37 Double-Bit Axe
10:37 Horse Collar
12:04 Gold Mining
16:34 Elite Skirmisher
17:20 Fletching
19:10 Heavy Plow
20:14 Wheelbarrow
20:56 Ballistics
20:50 Padded Archer Armor
21:08 Crossbowman
22:22 Stone Mining
26:19 Imperial Age
23:58 Thumb Ring
25:34 Bodkin Arrow
25:54 Leather Archer Armor
26:29 Hand Cart
27:31 Stone Shaft Mining
27:31 Gold Shaft Mining
28:33 Pikeman
29:50 Conscription
30:03 Fortified Wall
29:49 Murder Holes
29:35 Treadmill Crane
30:16 Forging
30:07 Scale Mail Armor
31:34 Logistica
32:15 Bow Saw
32:38 Arbalester
33:43 Chain Mail Armor
35:17 Chemistry
34:42 Squires
34:18 Halberdier
35:12 Guard Tower
Connection lost

Rejoining the realm…

Still unreachable

The connection could not be restored.

Session expired

The server has moved on; the page needs a fresh start.